 Dungeon Crawl Stone Soup version 0.28-a0-823-gb444dcf96d (webtiles) character file.

Game seed: 7955114362128868418

23 ytrimaz the Insei (level 2, 23/23 HPs)
             Began as a Demigod Transmuter on Nov 10, 2021.
             Quit the game on level 1 of the Dungeon.
             The game lasted 00:02:49 (1111 turns).

ytrimaz the Insei (Demigod Transmuter)              Turns: 1111, Time: 00:02:50

Health: 23/23      AC:  2    Str: 11    XL:     2   Next: 57%
Magic:  7/7        EV: 12    Int: 15    God:
Gold:   9          SH:  0    Dex: 14    Spells: 4/5 levels left

rFire   . . .      SeeInvis .     - Unarmed
rCold   . . .      Faith    .   (no shield)
rNeg    . . .      Spirit   .   a - +0 robe
rPois   .          Reflect  .   (no helmet)
rElec   .          Harm     .   (no cloak)
rCorr   .          Rampage  .   (no gloves)
Will    .....                   (no boots)
Stlth   +.........              (no amulet)
HPRegen 0.07/turn               (no ring)
MPRegen 0.10/turn               (no ring)

@: no status effects
A: high mp 1, forlorn
a: no special abilities


You were on level 1 of the Dungeon.
You visited 1 branch of the dungeon, and saw 1 of its levels.

You collected 9 gold pieces.

Inventory:

Armour
 a - a +0 robe (worn)
Scrolls
 d - a scroll of amnesia


   Skills:
 * Level 1.2 Fighting
 - Level 1.7 Dodging
 + Level 3.2 Unarmed Combat
 + Level 2.0 Spellcasting
 + Level 2.0 Transmutations


You had 4 spell levels left.
You knew the following spells:

 Your Spells              Type           Power      Damage    Failure   Level
a - Beastly Appendage     Tmut           14%        N/A       10%         1

Your spell library contained the following spells:

 Spells                   Type           Power      Damage    Failure   Level
 Wereblood                Tmut           7%         N/A       14%         2
 Spider Form              Tmut/Pois      4%         N/A       41%         3
 Ice Form                 Ice/Tmut       4%         N/A       82%         4


Dungeon Overview and Level Annotations

Branches:
Dungeon (1/15)


Innate Abilities, Weirdness & Mutations

Your attributes grow dramatically as you level up.
You have an increased reservoir of magic. (+10% MP)
You shall have no god before yourself.


Message History

You see here a giant cockroach corpse.
You see here a +3 hand axe.
Your horns disappear.
Your talons disappear.
You open the door.
There is an open door here.
A goblin and a hobgoblin come into view.
There are monsters nearby!
Found a scroll labelled QAYTZO SICREMU.
You grow a pair of large bovine horns.
Your feet morph into talons.
The hobgoblin shouts!
The hobgoblin closely misses you.
You completely miss the hobgoblin.
You claw the hobgoblin, but do no damage.
You headbutt the hobgoblin.
The hobgoblin is severely wounded.
The hobgoblin completely misses you.
You closely miss the hobgoblin. You headbutt the hobgoblin.
You kill the hobgoblin!
Your transformation is almost over.
You completely miss the goblin. Your headbutt misses the goblin.
A ball python comes into view.
You miss the goblin.
The ball python hisses angrily.
The goblin misses you.
You hit the goblin.
You kill the goblin!
The ball python closely misses you. The ball python grabs you.
The ball python constricts you.
You see here a +0 dagger.
You hit the ball python.
You kill the ball python!
Your horns disappear.
Your talons disappear.
Found a brown potion.
Found a stone staircase leading down.
d - a scroll labelled QAYTZO SICREMU
As you read the scroll labelled HAMPOTICHU, it crumbles to dust.
You speak a Word of immense power!
It was a scroll of holy word.
As you read the scroll labelled EPLEIL COGO, it crumbles to dust.
It is a scroll of identify.
d - a scroll of amnesia Are you sure you want to abandon this character and quit the game? (Confirm with "yes".)

# #.###.#### ##
##.#......# #.
#....!.##.# #.
#.#.#.##.## #######.
#....>.... ......†.
#.....##.# #####..
#...##.###########..
#@.....)..........
####.####.........
#..............
######.##.#....
#######.##.#....
#....##.##.#....
#....##.##.#....
#....##.##.#..##
######...)##.##†#).#


There were no monsters in sight!

Vanquished Creatures
  2 bats (D:1)
  3 endoplasms (D:1)
  A giant cockroach (D:1)
  2 goblins (D:1)
  2 hobgoblins (D:1)
  4 quokkas (D:1)
  A ball python (D:1)
  2 frilled lizards (D:1)
  3 rats (D:1)
20 creatures vanquished.

Notes
Turn   | Place    | Note
-------+----------+-------------------------------------------
     0 | D:1      | ytrimaz the Demigod Transmuter began the quest for the Orb.
     0 | D:1      | Reached XP level 1. HP: 15/15 MP: 5/5
   255 | D:1      | Reached skill level 1 in Fighting
   466 | D:1      | Reached skill level 3 in Unarmed Combat
   606 | D:1      | Reached XP level 2. HP: 6/23 MP: 7/7
  1111 | D:1      | Quit the game

Illustrated notes

Levels and vault maps discovered:
D:1:      dpeg_arrival_rooms_c, layout_basic, glass_columns_a

Skill      XL: |  1  2 |
---------------+-------+-----
Fighting       | 1 |  1.2
Unarmed Combat | 3 |  3.2
Spellcasting   | 2 |  2.0
Transmutations | 2 |  2.0
Dodging        | |  1.7

Action                   || total
-------------------------++-------
Melee: Unarmed           ||    58
       Kick              ||     8
       Headbutt          ||     6
 Cast: Beastly Appendage ||    12
  Use: Scroll            ||     2
Armor: Robe              ||     4
Dodge: Dodged            ||    32

Table legend: (Time is in decaauts)
 A = Elapsed time spent in this place.
 B = Non-inter-level travel time spent in this place.
 C = Inter-level travel time spent in this place.
 D = Time resting spent in this place.
 E = Time spent auto-exploring this place.
 F = Levels seen in this place.
 G = Mean time per level.
                   A        B        C        D        E       F      G
               +--------+--------+--------+--------+--------+-----+--------+
         Total |   1107 |   1072 |     35 |    232 |    690 |   1 | 1107.0 |
       Dungeon |   1107 |   1072 |     35 |    232 |    690 |   1 | 1107.0 |
               +--------+--------+--------+--------+--------+-----+--------+

Top non-repeatable levels by time:
     D:1: 1107 daAuts
